 Dungeon Crawl Stone Soup version 0.31-a0-325-g067879e3d3 (webtiles) character file.

Game seed: 6682022821505197

114 bmack86 the Chopper (level 4, 0/39 HPs)
             Began as a Minotaur Fighter on July 18, 2023.
             Frozen to death by an endoplasm (2 damage)
             ... on level 3 of the Dungeon.
             The game lasted 00:05:38 (1944 turns).

bmack86 the Chopper (Minotaur Fighter)              Turns: 1944, Time: 00:05:38

Health: 0/39       AC: 13    Str: 23    XL:     4   Next: 67%
Magic:  3/3        EV:  8    Int:  5    God:
Gold:   224        SH:  9    Dex:  9    Spells: 3/3 levels left

rFire   . . .        a - +0 war axe
rCold   . . .        c - +0 buckler
rNeg    . . .        q - +0 chain mail
rPois   .            (helmet restricted)
rElec   .            (no cloak)
rCorr   .            (no gloves)
SInv    +            (no boots)
Will    .....        v - amulet of reflection Stlth
                     g - ring of see invisible
HPRegen 0.26/turn    k - +4 ring of protection
MPRegen 0.08/turn

%: reflection
@: no status effects
A: horns 2, retaliatory headbutt
a: no special abilities


You were on level 3 of the Dungeon.
You visited 1 branch of the dungeon, and saw 3 of its levels.

You collected 224 gold pieces.

Inventory:

Hand Weapons
 a - a +0 war axe (weapon)
Missiles
 m - 6 poisoned darts (quivered)
Armour
 b - a +0 scale mail
 c - a +0 buckler (worn)
 q - a +0 chain mail (worn)
Jewellery
 g - a ring of see invisible (left hand)
 k - a +4 ring of protection (right hand)
 v - an amulet of reflection (around neck)
Wands
 x - a wand of acid (5)
Scrolls
 e - a scroll of fog
 f - a scroll of fear {unknown}
 i - a scroll of identify {unknown}
 o - a scroll of blinking {unknown}
 p - a scroll of vulnerability {unknown}
 t - a scroll of amnesia {unknown}
 u - a scroll of summoning
Potions
 d - a potion of might
 h - a potion of berserk rage {unknown}
 j - a potion of invisibility {unknown}
 l - a potion of resistance {unknown}
 n - a potion of enlightenment {unknown}
 r - 2 potions of brilliance {unknown}
 s - 2 potions of curing {unknown}
 w - a potion of heal wounds {unknown}


   Skills:
 - Level 3.6 Fighting
 + Level 6.0 Axes
 - Level 3.6 Armour
 - Level 3.6 Shields


You had 3 spell levels left.
You didn't know any spells.
Your spell library contained the following spells:

 Spells                   Type           Power      Damage    Failure   Level
 Magic Dart               Conj           0%         1d3       98%         1
 Vhi's Electric Charge    Tloc/Air       0%         N/A       100%        3
 Arcjolt                  Conj/Air       0%         1d10      100%        5
 Maxwell's Capacitive Co  Air            0%         ∞         100%        8


Dungeon Overview and Level Annotations

Branches:
Dungeon (3/15)

Altars:
Fedhas

Shops:
D:3 :

Annotations:
D:3 Sigmund


Innate Abilities, Weirdness & Mutations

You have a pair of horns on your head.
You reflexively headbutt those who attack you in melee.


Message History

You kill the giant cockroach!
You block the iguana's attack.
You hit the iguana.
You kill the iguana!
Your Axes skill increases to level 6!
You see here a +0 ring mail.
x - a wand of acid (5)
Found a stone staircase leading down.
There is a stone staircase leading down here.
You open the door.
There is an open door here.
Sigmund the Dreaded comes into view.
He is wielding a +6 heavy scythe.
Found 16 gold pieces.
Sigmund shouts!
An endoplasm comes into view.
Sigmund casts a spell at you. The puff of flame misses you.
Sigmund casts a spell at you.
The magic dart hits you but does no damage.
Sigmund hits you with a +6 heavy scythe!!
You barely miss Sigmund. Your headbutt misses Sigmund. You hit Sigmund.
Your headbutt misses Sigmund.
Sigmund is moderately wounded.
You block Sigmund's attack.
You hit Sigmund.
Sigmund is moderately wounded.
You slash Sigmund!
Sigmund is severely wounded.
Sigmund hits you with a +6 heavy scythe.
You closely miss Sigmund. Your headbutt misses Sigmund.
Sigmund is severely wounded.
You hit the endoplasm but do no damage. You block the endoplasm's attack.
Sigmund hits you with a +6 heavy scythe!
* * * LOW HITPOINT WARNING * * *
You hit Sigmund.
Sigmund is almost dead.
You barely miss the endoplasm. You block the endoplasm's attack.
The endoplasm freezes you.
You are frozen.
You die...

#................#.###...###
#................+.......'..
#................#...#...###
#................#.#.....# #
##############+.#####'######
#......+.......+.#
#.######.#...#.#.. #.#
#.#._.#.### #@#
###.#...#.### .$....@J#
#.'.......'.# ........#
#.####+####.. ........#
#...# ..####. ........#
###.# #...... ........# #.#
###.... .......## #.# #....
....... #.# ##### #.#


You could see Sigmund and an endoplasm.

Vanquished Creatures
  An iguana (D:3)
  An adder (D:3)
  An ufetubus (D:2)
  A worm (D:2)
  3 dart slugs (D:1)
  An orc (D:3)
  6 ball pythons
  7 endoplasms
  5 giant cockroaches
  5 hobgoblins
  6 kobolds
  2 quokkas (D:1)
  8 bats
  2 frilled lizards (D:2)
  7 goblins
  5 rats
61 creatures vanquished.

Notes
Turn   | Place    | Note
-------+----------+-------------------------------------------
     0 | D:1      | bmack86 the Minotaur Fighter began the quest for the Orb.
     0 | D:1      | Reached XP level 1. HP: 19/19 MP: 0/0
    77 | D:1      | Reached skill level 3 in Axes
    92 | D:1      | Reached XP level 2. HP: 19/26 MP: 1/1
   288 | D:1      | Reached skill level 4 in Axes
   357 | D:1      | Reached XP level 3. HP: 30/31 MP: 2/2
   772 | D:2      | Reached skill level 5 in Axes
  1259 | D:3      | Reached XP level 4. HP: 39/39 MP: 3/3
  1363 | D:3      | Found Wydic's Book Emporium.
  1519 | D:3      | Found a blossoming altar of Fedhas.
  1662 | D:3      | Found a faded altar of an unknown god.
  1670 | D:3      | Got Plato's Atlas of Forces
  1838 | D:3      | Reached skill level 6 in Axes
  1930 | D:3      | Noticed Sigmund
  1943 | D:3      | HP: 1/39 [Sigmund/+6 heavy scythe (16)]
  1944 | D:3      | Frozen to death by an endoplasm

Illustrated notes

Levels and vault maps discovered:
D:1:      dpeg_arrival_shelter, layout_rooms
D:2:      layout_basic, serial_curves, eino_curves_02, eino_curves_01
D:3:      layout_basic, mainiacjoe_overflow_six_doors_small, serial_shops,
          nicolae_book_shop_shelving, shapermc_ecumenical_altar_rom_forum,
          uniq_sigmund

Skill      XL: |  1  2  3  4 |
---------------+-------------+-----
Axes           | 3 4 5 6 |  6.0
Fighting       | |  3.6
Armour         | |  3.6
Shields        | |  3.6

Action                     |  1- 3 |  4- 6 || total
---------------------------+-------+-------++-------
  Melee: War axe           |    89 |    27 ||   116
         Headbutt          |    13 |     3 ||    16
    Use: Scroll            |       |     2 ||     2
 Armour: Scale mail        |    44 |       ||    44
         Chain mail        |     4 |     9 ||    13
  Dodge: Dodged            |    50 |    12 ||    62
  Block: Buckler           |    17 |    15 ||    32

Table legend: (Time is in decaauts)
 A = Elapsed time spent in this place.
 B = Non-inter-level travel time spent in this place.
 C = Inter-level travel time spent in this place.
 D = Time resting spent in this place.
 E = Time spent auto-exploring this place.
 F = Levels seen in this place.
 G = Mean time per level.
                   A        B        C        D        E       F      G
               +--------+--------+--------+--------+--------+-----+--------+
         Total |   1976 |   1943 |     33 |      0 |   1278 |   3 |  658.7 |
       Dungeon |   1976 |   1943 |     33 |      0 |   1278 |   3 |  658.7 |
               +--------+--------+--------+--------+--------+-----+--------+

Top non-repeatable levels by time:
     D:3: 801 daAuts
     D:2: 675 daAuts
     D:1: 499 daAuts
